Cogmind - Beta 15 @@@ ROGUE MODE // 2025.09.17 @ 19:03:10 Player: c4-BRK Result: Destroyed by Y-54 Guardian with Flak Gun Performance ------------- Evolutions (3) 1500 Regions Visited (7) 1400 Robots Destroyed (45) 225 Value Destroyed (1420) 1420 Prototype IDs (5) 100 Alien Tech Used (0) 0 Bonus (0) 0 TOTAL SCORE: 4645 Bonus ------- None Cogmind --------- Core Integrity 0/700 Matter 216/300 Energy 13/100 System Corruption 1% Temperature Cool (6) Movement Core (50) Location -7/Storage Parts ------- > --- POWER (2) -------- (None) > --- PROPULSION (4) --- (None) > --- UTILITY (5) ------ (None) > --- WEAPON (2) ------- (None) > --- INVENTORY (5) ---- Improved Ion Engine Light Deuterium Engine Improved Sensor Array Improved Targeting Computer Improved Medium Armor Plating Peak State ------------ > --- POWER ------------ Nuclear Core Light Nuclear Core > --- PROPULSION ------- Armored Treads Advanced Treads Advanced Treads Compact Wheel > --- UTILITY ---------- Improved Heat Sink Large Storage Unit Advanced Visual Processing Unit Improved Targeting Computer Weapon Cycler > --- WEAPON ----------- Heavy Particle Gun Advanced Beam Rifle > --- INVENTORY -------- Improved Ion Engine Reinforced Ion Engine Light Deuterium Engine Light Treads Improved Treads Improved Sensor Array Improved Targeting Computer Improved Medium Armor Plating Improved Medium Armor Plating Splice Drone Bay Improved EM Shotgun Shock Rifle Flak Cannon Shock Bomb Launcher Rocket Launcher [Rating: 41] Favorites ----------- Power Light Nuclear Core Engine Reinforced Ion Engine Power Core Light Nuclear Core Propulsion Compact Wheel Treads Light Treads Wheel Compact Wheel Utility Large Storage Unit Device Improved Heat Sink Storage Large Storage Unit Processor Improved Targeting Computer Protection Medium Armor Plating Weapon Heavy EM Pulse Gun Energy Gun Heavy EM Pulse Gun Ballistic Gun Assault Rifle Ballistic Cannon Flak Cannon Launcher Grenade Launcher Build | -11 -10 -10 -9 -9 -8 -7 -7 ------- Run | Yrd Mat Min Mat Min Mat Fac Sto Slots Evolved 6 | . . . 2 . 2 2 . Power 1 | . . . . . . 1 . Propulsion 2 | . . . 1 . 1 . . Utility 3 | . . . 1 . 1 1 . Weapon . | . . . . . . . . Parts Attached 39 | 6 2 1 5 7 10 7 1 Power 5 | 1 1 . 1 . 1 1 . Engine 2 | 1 . . 1 . . . . Core 3 | . 1 . . . 1 1 . Reactor . | . . . . . . . . Propulsion 10 | 2 . . 1 3 3 1 . Treads 6 | . . . 1 1 3 1 . Leg . | . . . . . . . . Wheel 4 | 2 . . . 2 . . . Hover . | . . . . . . . . Flight . | . . . . . . . . Utility 10 | 1 . 1 2 2 2 2 . Device 3 | . . 1 . . 1 1 . Storage 4 | 1 . . 2 1 . . . Processor 2 | . . . . . 1 1 . Hackware . | . . . . . . . . Protection 1 | . . . . 1 . . . Artifact . | . . . . . . . . Weapon 14 | 2 1 . 1 2 4 3 1 Energy Gun 8 | 1 . . 1 1 3 2 . Energy Cannon . | . . . . . . . . Ballistic Gun 1 | 1 . . . . . . . Ballistic Cannon 1 | . . . . . . 1 . Launcher 4 | . 1 . . 1 1 . 1 Special Weapon . | . . . . . . . . Impact Weapon . | . . . . . . . . Slashing Weapon . | . . . . . . . . Piercing Weapon . | . . . . . . . . Special Melee Weapon . | . . . . . . . . Unidentified Prototypes 5 | . . 1 . . 3 1 . Parts Lost 27 | . . . 2 1 6 . 18 Power 3 | . . . 1 . . . 2 Propulsion 7 | . . . . . 1 . 6 Utility 5 | . . . . 1 1 . 3 Weapon 12 | . . . 1 . 4 . 7 Highest Loss Streak 18 | . . . 2 1 4 . 18 To Critical Strikes . | . . . . . . . . Average Backups 7 | 1 2 3 2 7 8 10 14 Power 1 | . . 1 . . 1 3 2 Propulsion 1 | . 1 1 . 1 . 1 1 Utility 1 | . . . . 1 1 2 4 Weapon 2 | . . 1 1 2 3 4 4 Tool/Special . | . . . . . . . . Unused Backups 7 | . . . . 1 . . 6 Power 2 | . . . . . . . 2 Propulsion . | . . . . . . . . Utility 4 | . . . . . . . 4 Weapon 1 | . . . . 1 . . . Tool/Special . | . . . . . . . . Average Slot Usage (%) 90 | . 85 98 86 98 80 89 89 Engine 5 | . 5 . 1 11 4 . . Core 5 | . 8 14 9 . 4 7 13 Treads 13 | . . . 11 11 19 23 21 Wheel 17 | . 28 28 22 22 10 7 5 Device 6 | . . 12 11 . 6 13 13 Storage 13 | . 14 14 11 20 9 7 6 Processor 4 | . . . . . 8 14 14 Protection 3 | . . . . 10 2 . . Energy Gun 12 | . 4 . . 21 13 12 10 Ballistic Gun 3 | . 14 14 11 . . . . Launcher 3 | . 9 14 9 . 1 1 1 Peak Build Rating 41 | 6 8 15 17 19 27 41 41 Average Rating 18 | 3 7 14 15 14 21 32 36 On Entrance 15 | . 6 8 15 16 14 25 41 Naked Turns 4 | . . . . . . . 4 Heaviest Build 46 | 14 15 23 43 46 44 39 43 Greatest Support 64 | 26 26 26 26 32 62 64 64 Greatest Overweight (x) 8 | . . . 1 1 8 2 2 Average Overweight (x) . | . . . . 1 1 . . Largest Inventory Capacity 15 | 8 8 8 15 15 15 15 15 Average Capacity 13 | 7 8 8 13 15 15 15 14 Most Carried 15 | 4 3 4 5 8 12 15 15 Average Carried 7 | 1 2 3 2 7 8 10 14 Final Capacity 15 | 8 8 8 15 15 15 15 5 Final Carried 15 | 1 3 3 3 7 10 15 5 Class Distribution -------------------- 61% | Mutant 38% | Derelict-Mutant Dominant Class ---------------- Mutant | -10/Materials Mutant | -10/Mines Mutant | -9/Materials Derelict-Mutant | -9/Mines Mutant | -8/Materials Mutant | -7/Factory Mutant | -7/Storage Resources | -11 -10 -10 -9 -9 -8 -7 -7 ----------- Run | Yrd Mat Min Mat Min Mat Fac Sto Matter Collected 1014 | 149 213 . 191 93 217 . 151 Remotely . | . . . . . . . . Salvage Created 1561 | . 88 . 283 132 569 60 429 Parts 81 | . 5 . 12 14 36 4 10 Haulers Intercepted 1 | . . . . . . 1 . Recyclers Shooed 1 | . . . . 1 . . . Parts Field Recycled . | . . . . . . . . Retrieved Matter . | . . . . . . . . Parts Self-Destructed . | . . . . . . . . Prevented . | . . . . . . . . Kills | -11 -10 -10 -9 -9 -8 -7 -7 ------- Run | Yrd Mat Min Mat Min Mat Fac Sto Combat Hostiles Destroyed 41 | . 3 . 7 10 14 . 7 Guns 28 | . 1 . 4 8 10 . 5 AOE 10 | . 2 . 3 2 3 . . Classes Destroyed 9 | . 1 . 1 1 4 1 1 Builder 2 | . . . . . 1 . 1 Hauler 1 | . . . . . . 1 . Mechanic 1 | . . . . . 1 . . Swarmer 14 | . . . . 10 4 . . Grunt 17 | . 3 . 6 . 5 . 3 Brawler 2 | . . . 1 . . . 1 Sentry 5 | . . . . . 3 . 2 Hunter 2 | . . . . . 2 . . Programmer 1 | . . . . . . . 1 Best Kill Streak 6 | . 2 . 2 3 6 1 2 Combat Bots Only 6 | . 2 . 2 3 6 . 2 Max Kills in Single Turn 2 | . 1 . 1 2 1 1 1 Gunslinging . | . . . . . . . . Exploded 1 | . 1 . 1 1 1 . . Melee . | . . . . . . . . Uniques/NPCs Destroyed . | . . . . . . . . Combat | -11 -10 -10 -9 -9 -8 -7 -7 -------- Run | Yrd Mat Min Mat Min Mat Fac Sto Hostile Shots Fired 556 | . 11 . 34 34 94 . 383 Missed 191 | . 2 . 9 8 33 . 139 Hits 365 | . 9 . 25 26 61 . 244 Melee 1 | . . . . . . . 1 Projectile 364 | . 9 . 25 26 61 . 243 Critical Strikes 7 | . . . 1 . 3 . 3 Damage Taken 3880 | . 121 . 341 256 800 . 2362 Core 948 | . 38 . 43 33 134 . 700 Absorbed by Shields . | . . . . . . . . Regen/Repaired (Parts) 45 | . . . . . 45 . . Core Remaining (%) 85 | 100 . 84 . 81 75 . . Volleys Fired 170 | . 14 . 39 16 53 1 47 Largest 2 | . 2 . 2 2 2 2 2 Hottest 116 | . 50 . 50 110 108 111 116 Shots Fired 230 | . 18 . 41 28 75 2 66 Gun 204 | . 14 . 37 25 69 2 57 Cannon 3 | . . . . . . . 3 Launcher 23 | . 4 . 4 3 6 . 6 Special . | . . . . . . . . Kinetic 54 | . 14 . 37 . . . 3 Thermal 101 | . . . . 9 34 1 57 Explosive 20 | . 4 . 4 3 6 . 3 Electromagnetic 55 | . . . . 16 35 1 3 Robot Hit Streak 12 | . 3 . 8 2 12 3 10 Robot Miss Streak 4 | . 4 . 4 4 3 . 2 Penetration Max . | . . . . . . . . Secondary Targets 1 | . . . . . 1 . . Max Gunslinging Chain 1 | . . . . . 1 . . Shots Hit Robots 150 | . 8 . 28 10 54 2 48 Core Hits 83 | . 5 . 13 11 28 1 25 Critical Kills . | . . . . . . . . Critical Parts Destroyed . | . . . . . . . . Critical Strikes 6 | . . . . . 3 . 3 Burn 5 | . . . . . 2 . 3 Corrupt 1 | . . . . . 1 . . Melee Attacks . | . . . . . . . . Impact . | . . . . . . . . Slashing . | . . . . . . . . Piercing . | . . . . . . . . Sneak Attacks . | . . . . . . . . Combat Hostiles . | . . . . . . . . Follow-up Attacks . | . . . . . . . . Damage Inflicted 3541 | . 277 . 471 251 1222 37 1283 Guns 2388 | . 81 . 328 164 854 37 924 Cannons 105 | . . . . . . . 105 Explosions 1048 | . 196 . 143 87 368 . 254 Melee . | . . . . . . . . Ramming . | . . . . . . . . Kinetic 514 | . 81 . 328 . . . 105 Thermal 1579 | . . . . 81 554 20 924 Explosive 809 | . 196 . 143 87 230 . 153 Electromagnetic 639 | . . . . 83 438 17 101 Impact . | . . . . . . . . Slashing . | . . . . . . . . Piercing . | . . . . . . . . Highest Corruption 1 | . . . . . . . 1 Average Corruption 1 | . . . . . . . 1 Corruption Purged . | . . . . . . . . Corruption Blocked . | . . . . . . . . Overload Shots . | . . . . . . . . Overflow Damage 57 | . . . 40 1 . . 16 Projectiles . | . . . . . . . . Explosions 57 | . . . 40 1 . . 16 Melee . | . . . . . . . . Knockbacks . | . . . . . . . . Impact . | . . . . . . . . Kinetic . | . . . . . . . . Secondary . | . . . . . . . . Self-Inflicted Damage 123 | . 16 . 52 41 . . 14 Shots 4 | . 1 . 1 1 . . 1 Rammed . | . . . . . . . . Targets Rammed . | . . . . . . . . Kicked . | . . . . . . . . Crushed . | . . . . . . . . Highest Temperature 344 | . 5 . 8 344 244 28 323 Average Temperature 99 | . 2 . 4 116 72 21 106 Received Heat Transfer 1104 | . 57 . 174 . 216 . 657 Effects 1 | . . . . . . . 1 Matter Decay 1 | . . . . . . . 1 Siege Activations . | . . . . . . . . Martial Activations . | . . . . . . . . Shielding Activations . | . . . . . . . . Robots Disrupted . | . . . . . . . . Combat Hostiles . | . . . . . . . . Robots Corrupted 1 | . . . . . 1 . . Combat Hostiles 1 | . . . . . 1 . . Parts Fried . | . . . . . . . . Impact Corruptions . | . . . . . . . . Robots Melted 2 | . . . . . . . 2 Combat Hostiles 2 | . . . . . . . 2 Parts Melted 9 | . . . . . 1 . 8 Heat Transferred 3271 | . . . . 185 1162 37 1887 Parts Sabotaged . | . . . . . . . . Parts Stolen . | . . . . . . . . Parts Stripped . | . . . . . . . . Power Chain Reactions 3 | . . . . . 3 . . Alert | -11 -10 -10 -9 -9 -8 -7 -7 ------- Run | Yrd Mat Min Mat Min Mat Fac Sto Maximum Alert Level . | . . . . . . . . Low Security (%) 100 | 100 100 100 100 100 100 100 100 Level 1 . | . . . . . . . . Level 2 . | . . . . . . . . Level 3 . | . . . . . . . . Level 4 . | . . . . . . . . Level 5 . | . . . . . . . . High Security . | . . . . . . . . Max Security . | . . . . . . . . Peak Influence 192 | . 58 1 141 172 192 79 102 Initial 79 | . . 1 . 46 64 79 . Average 35 | . 18 . 45 26 64 25 43 Influence Increases 1356 | . 96 . 283 300 450 7 220 Destroy 0b10 Robot/C 820 | . 60 . 140 200 280 . 140 Destroy 0b10 Robot/NC 20 | . . . . . 10 5 5 Destroy Leader 202 | . 20 . 30 30 80 2 40 Successful Hack 27 | . 5 . 22 . . . . Disable Machine 75 | . . . 30 30 15 . . Destroy Structure 182 | . 11 . 61 25 65 . 20 Lose Combat Pursuer 30 | . . . . 15 . . 15 Influence Decreases 1356 | . 91 5 162 255 440 183 220 Entered New Map 278 | . . 4 . 75 102 97 . Time Decay 858 | . 91 1 142 170 278 86 90 Lost Part 220 | . . . 20 10 60 . 130 Squads Dispatched 10 | . 1 . 1 . 3 . 5 Investigation 4 | . 1 . . . 2 . 1 Extermination 1 | . . . . . . . 1 Reinforcement 3 | . . . 1 . 1 . 1 Assault . | . . . . . . . . Garrison 2 | . . . . . . . 2 Intercept . | . . . . . . . . Searches Triggered . | . . . . . . . . Construction Impeded 1 | . . . . . 1 . . Haulers Reinforced . | . . . . . . . . Active Scanning Responses . | . . . . . . . . Cargo Convoy Interrupts . | . . . . . . . . Stealth | -11 -10 -10 -9 -9 -8 -7 -7 --------- Run | Yrd Mat Min Mat Min Mat Fac Sto Distress Signals 3 | . . . 1 . 2 . . Communications Jammed . | . . . . . . . . Distress Signals . | . . . . . . . . Times Spotted 59 | . 6 . 10 11 16 . 16 Peak Tracking Total 9 | . 2 . 2 4 4 . 9 Tactical Retreats 2 | . . . . 1 . . 1 Traps | -11 -10 -10 -9 -9 -8 -7 -7 ------- Run | Yrd Mat Min Mat Min Mat Fac Sto Traps Triggered 3 | . . . . . 2 . 1 Indirectly . | . . . . . . . . Trap Hack Attempts . | . . . . . . . . Triggered . | . . . . . . . . Disarmed . | . . . . . . . . Reprogrammed . | . . . . . . . . Reused . | . . . . . . . . Traps Extracted . | . . . . . . . . Installed . | . . . . . . . . Triggered . | . . . . . . . . Machines | -11 -10 -10 -9 -9 -8 -7 -7 ---------- Run | Yrd Mat Min Mat Min Mat Fac Sto Machines Disabled 5 | . . . 2 2 1 . . Max in Single Turn 1 | . . . 1 1 1 . . Machines Repaired . | . . . . . . . . Machines Dismantled . | . . . . . . . . Machines Sabotaged . | . . . . . . . . Overloaded Fab Kills . | . . . . . . . . Hacking | -11 -10 -10 -9 -9 -8 -7 -7 --------- Run | Yrd Mat Min Mat Min Mat Fac Sto Machines Accessed 10 | . 2 1 2 . 1 2 2 Terminals 7 | . 2 . 2 . . 2 1 Fabricators . | . . . . . . . . Repair Stations 1 | . . . . . 1 . . Recycling Units . | . . . . . . . . Scanalyzers . | . . . . . . . . Garrison Access 1 | . . . . . . . 1 Total Hacks 15 | . 3 1 3 . 1 3 4 Successful 5 | . 1 1 2 . 1 . . Failed 10 | . 2 . 1 . . 3 4 Catastrophic 3 | . 1 . . . . 1 1 Database Lockouts . | . . . . . . . . Manual 7 | . 1 . 1 . 1 3 1 Terminals 11 | . 3 . 3 . . 3 2 Fabricators . | . . . . . . . . Repair Stations 1 | . . . . . 1 . . Recycling Units . | . . . . . . . . Scanalyzers . | . . . . . . . . Garrison Access 2 | . . . . . . . 2 Terminal Hacks 3 | . . 1 2 . . . . Robot Analysis 1 | . . . 1 . . . . Open Door 1 | . . 1 . . . . . Branch Access Points 1 | . . . 1 . . . . Fabricator Hacks . | . . . . . . . . Repair Station Hacks . | . . . . . . . . Recycling Unit Hacks . | . . . . . . . . Scanalyzer . | . . . . . . . . Garrison Access Hacks . | . . . . . . . . Unauthorized Hacks 2 | . 1 . . . 1 . . Terminals 1 | . 1 . . . . . . Botnet 1 | . 1 . . . . . . Fabricators . | . . . . . . . . Repair Stations 1 | . . . . . 1 . . Patch 1 | . . . . . 1 . . Recycling Units . | . . . . . . . . Scanalyzers . | . . . . . . . . Garrison Access . | . . . . . . . . Data Cores Recovered . | . . . . . . . . Used . | . . . . . . . . Hacking Detections 6 | . 1 . 1 . . 2 2 Full Trace Events 2 | . 1 . . . . . 1 Feedback Events . | . . . . . . . . Feedback Blocked . | . . . . . . . . Robot Schematics Acquired . | . . . . . . . . Robots Built . | . . . . . . . . Authchips . | . . . . . . . . Time . | . . . . . . . . Total Robot Build Rating . | . . . . . . . . Part Schematics Acquired . | . . . . . . . . Parts Built . | . . . . . . . . Authchips . | . . . . . . . . Time . | . . . . . . . . Total Part Build Rating . | . . . . . . . . Parts Repaired . | . . . . . . . . Time . | . . . . . . . . Parts Recycled . | . . . . . . . . Recycled Matter . | . . . . . . . . Retrieved Matter . | . . . . . . . . Retrieved Components . | . . . . . . . . Parts Scanalyzed . | . . . . . . . . Part Schematics Acquired . | . . . . . . . . Parts Damaged . | . . . . . . . . Bothacking | -11 -10 -10 -9 -9 -8 -7 -7 ------------ Run | Yrd Mat Min Mat Min Mat Fac Sto Used RIF Installer . | . . . . . . . . Robots Hacked . | . . . . . . . . Non-combat . | . . . . . . . . Combat . | . . . . . . . . Robot Hacks Applied . | . . . . . . . . Relay Couplers Released . | . . . . . . . . Fabnet Peak Effective % . | . . . . . . . . Robots Rewired . | . . . . . . . . Allies Hacked . | . . . . . . . . Hacks Repelled . | . . . . . . . . Allies | -11 -10 -10 -9 -9 -8 -7 -7 -------- Run | Yrd Mat Min Mat Min Mat Fac Sto Total Allies . | . . . . . . . . Largest Group . | . . . . . . . . Highest-Rated Group . | . . . . . . . . Highest-Rated Ally . | . . . . . . . . Total Orders . | . . . . . . . . Ally Attacks . | . . . . . . . . Total Damage . | . . . . . . . . Kills . | . . . . . . . . Allies Corrupted . | . . . . . . . . Allies Melted . | . . . . . . . . Intel | -11 -10 -10 -9 -9 -8 -7 -7 ------- Run | Yrd Mat Min Mat Min Mat Fac Sto Active Infowar (turns) 518 | . . . . . . 261 257 Optics 518 | . . . . . . 261 257 Robot Analysis Total 1 | . . . 1 . . . . Derelict Logs Recovered 3 | . . 1 . 2 . . . Drone Launches . | . . . . . . . . Drone Recoveries . | . . . . . . . . Exploration | -11 -10 -10 -9 -9 -8 -7 -7 ------------- Run | Yrd Mat Min Mat Min Mat Fac Sto Turns Passed 2961 | 42 264 176 362 971 608 277 261 Spaces Moved 1749 | 37 253 181 242 423 332 174 107 Core 18 | 10 . . . . 1 . 7 Treads 235 | . . . . 11 47 128 49 Legs . | . . . . . . . . Wheels 1496 | 27 253 181 242 412 284 46 51 Hover . | . . . . . . . . Flight . | . . . . . . . . Fastest Speed 50 | 50 90 90 90 105 115 115 50 Average Speed 113 | 79 90 90 99 117 126 147 136 Slowest Speed 450 | 90 90 90 105 240 450 158 225 Overloaded Moves . | . . . . . . . . Propulsion Burnouts . | . . . . . . . . Robots Hopped . | . . . . . . . . Potential Cave-ins 3 | . . . . . 3 . . Cave-ins Triggered . | . . . . . . . . Exploration Rate (%) 30 | 3 37 37 23 89 23 5 27 Regions Visited 7 Branch Regions 3 Pre-discovered Areas 1 | . . 1 . . . . . Known Exits Taken 2 | . . . 1 . . 1 . Unknown Exits Taken 5 | 1 1 1 . 1 1 . . Scrap Searched 1 | . . . . 1 . . . Spaces Dug 12 | . . . . . 12 . . Terrain Destroyed 208 | . 12 . 66 30 81 . 19 Melee . | . . . . . . . . Projectile 1 | . . . . . 1 . . AOE 207 | . 12 . 66 30 80 . 19 Terrain Rammed . | . . . . . . . . Walls Destroyed . | . . . . . . . . Machines Disabled . | . . . . . . . . Actions | -11 -10 -10 -9 -9 -8 -7 -7 --------- Run | Yrd Mat Min Mat Min Mat Fac Sto Total 2506 | 49 270 193 323 867 441 192 171 Wait 473 | . . 11 27 408 25 . 2 Move 1742 | 36 252 180 241 422 331 173 107 Hop . | . . . . . . . . Pick Up 49 | 7 2 1 7 9 14 9 . Fast Attach . | . . . . . . . . Attach 34 | 6 . 1 5 1 10 4 7 Detach 1 | . . . . . . 1 . Swap 25 | . 2 . . 7 7 3 6 Drop 12 | . . . 4 4 1 1 2 Fire 170 | . 14 . 39 16 53 1 47 Melee . | . . . . . . . . Ram . | . . . . . . . . Kick . | . . . . . . . . Crush . | . . . . . . . . Escape Stasis . | . . . . . . . . Rewire . | . . . . . . . . Trap . | . . . . . . . . Miscellaneous . | . . . . . . . . Route ------- -11/Scrapyard -10/Materials -10/Mines -9/Materials (discovered 2 exits: *Min x2) -9/Mines -8/Materials -7/Factory -7/Storage (discovered 1 exit: Rec) History --------- Turn | Location | Event 24 | -11/Scrapyard | Discovered new exit (range 14) 43 | -11/Scrapyard | Entered Materials 270 | -10/Materials | Discovered new exit (range 9) 307 | -10/Materials | Entered Mines 308 | -10/Mines | Assembled infested the area 311 | -10/Mines | Build established: Mutant 312 | -10/Mines | Found the Drone Emporium 316 | -10/Mines | Found Prototype Device 317 | -10/Mines | Identified Splice Drone Bay 341 | -10/Mines | Learned location of Zion (-6) 362 | -10/Mines | Discovered new exit (range 14) 483 | -10/Mines | Entered Materials 483 | -9/Materials | Evolved 2 slots: Propulsion x1, Utility x1 683 | -9/Materials | Identified exit to Mines 845 | -9/Materials | Entered Mines 852 | -9/Mines | Received a Rocket Launcher from a helpful Derelict 872 | -9/Mines | Found DCF Scrap (15 items) 941 | -9/Mines | Discovered new exit (range 10) 1176 | -9/Mines | Build established: Derelict-Mutant 1816 | -9/Mines | Entered Materials 1816 | -8/Materials | Evolved 2 slots: Propulsion x1, Utility x1 2056 | -8/Materials | Lost 4 parts (1u3w) 2307 | -8/Materials | Build established: Mutant 2361 | -8/Materials | Discovered new exit (range 9) 2424 | -8/Materials | Entered Factory 2424 | -7/Factory | Evolved 2 slots: Power x1, Utility x1 2425 | -7/Factory | Identified exit to Storage 2701 | -7/Factory | Entered Storage 2702 | -7/Storage | Identified exit to Recycling 2777 | -7/Storage | Garrison activated, responded to threat 2954 | -7/Storage | Core integrity fell below 50% 2960 | -7/Storage | Core integrity fell below 20% 2962 | -7/Storage | Destroyed by Y-54 Guardian with Flak Gun Last Messages --------------- Penetrated by Slug. Adv. Treads destroyed. Destroyed Lgt. Nuclear Core. Door malfunctions. U-05 Engineer destroyed. Shock Bomb Launcher destroyed. Penetrated by Slug. Rocket Launcher destroyed. Imp. Targeting Computer destroyed. Penetrated by Slug. Flak Cannon destroyed. H-55 Commando misfires. Slug penetrates Wall. Weapon Cycler destroyed. Penetrated by Slug. Imp. EM Shotgun destroyed. Shock Rifle destroyed. Discarded Adv. Visual Processing Unit. Dropped Lrg. Storage Unit. Penetrated by Slug. Map ----- +----------------------------------------------------+ | ??????????# #???? | | ??????????# ###+######## #???? | | ??????????# """ # #???# #???? | | ??????????# """ + #???# #???? | | ???????????? """ ###### #???# #???? | | ???????????? ?????# ##### #???? | | ?????????? #????# + #???? | | ?????????##+##### #????# #####+####? | | ?????????# ""??# ############### #? | | ?????????# ""??# + #? | | ?????????# """?# ! ######### #? | | ????????## ?# %""" #???????# #? | | ????????# # "T % ####????# #? | | ?????????# # r """#????# #? | | ??????????#"T"### % T"#????########? | | ??????????#""" "" """#????????????? | | ????????????## "" #######?????????? | | ?????????????# G ^ #?????????? | | ?????????????# "" !! ^^ #?????????? | | ?????????????# "" !! o #?????????? | | ?????????????#### #?????????? | | ????????????????# #?????????? | | ????????????????#+### #######???? | | ???????????????? ??# #???? | | ???????????????? ??+ #???? | | ??????????????? ???# @ Y #???? | | ??????????????? ???# ## Y###### #???? | | ?????????????? ] ???# ## Y! #???#???? | | ?????????????? ????# # = #???????? | | ?????????????#+##+### # g #???????? | | ?????????????# # ! #???????? | | ?????????????# % % *! #???????? | | ??????? + ###+ ! #???????? | | ????????#####???? ?# # ###???????? | | ???????????????? ??# ######?????????? | | ??????????????? ???# ???????????????? | | ?????????????? ????# ???????????????? | | ?????????????? ????# #??????????????? | | ?????????????# ?????+ #??????????????? | | ?????????????#??????# [[[#??????????????? | | ????????????????????# [[[#??????????????? | | ????????????????????# [[ #??????????????? | | ????????????????????## ###??????????????? | | ??????????????????????#?????????????????? | | ????????????????????????????????????????? | | ????????????????????????????????????????? | | ????????????????????????????????????????? | | ????????????????????????????????????????? | | ????????????????????????????????????????? | | ????????????????????????????????????????? | +----------------------------------------------------+ Best States ------------- Heat Dissipation 48 Energy Generation 23 Energy Capacity 415 Matter Stores 300 Matter Capacity 300 Sight Range 20 Terrain Scan Density 10 Armor Coverage 225 Weapon Cycling 15 Evasion (%) 50 Targeting Accuracy 6 Recoil Reduction 4 Item Schematics ----------------- None Robot Schematics ------------------ None Fabricated ------------ Nothing Repaired ---------- Nothing Alien Tech Used ----------------- None Achievements -------------- None Challenges ------------ None Game ------ Seed GhostGravmagAutopenetrator Manual? 0 Play Time 00:23:51 Cumulative 23.8 hours Start 2025.09.17 @ 17:18:53 End 2025.09.17 @ 19:03:10 Sessions 1 Manual Loads 0 Difficulty Rogue Special Mode None Game No. 34 Rogue 13 Adventurer 21 Explorer 0 Win Type - Total 1 Types 0/0/0/0/0/0/0/1/0/0 Lore% 47 Gallery% 32 Achievement% 37 Wizard Run 0 Options --------- Layout 1 ASCII 0 Keyboard 0 Movement Mouse Keybinds 0 Fullscreen 2 Font 24/Smallcaps Map View 50x35 Zoom Use 0% Tactical HUD 0 Map Filters NONE Filters NONE Steam 1 RUN: 730c7237-f82f-4118-9d36-06b2079a8b8d